 Dungeon Crawl Stone Soup version 0.31-a0-232-gb1c03b2570 (webtiles) character file.

Game seed: 13037144672459679904

77 qw the Shooter (level 4, 0/26 HPs)
             Began as a Gargoyle Hexslinger on July 7, 2023.
             Killed from afar by Natasha (1 damage)
             ... with a magic dart
             ... on level 2 of the Dungeon.
             The game lasted 00:00:25 (1175 turns).

qw the Shooter (Gargoyle Hexslinger)                Turns: 1175, Time: 00:00:25

Health: 0/26       AC:  6    Str: 12    XL:     4   Next: 34%
Magic:  5/5        EV: 16    Int: 13    God:
Gold:   62         SH:  0    Dex: 14    Spells: 4/5 levels left

rFire   . . .        Y - +1 sling
rCold   . . .        (no shield)
rNeg    + . .        h - +0 leather armour
rPois   inf          (no helmet)
rElec   +            (no cloak)
rCorr   .            (no gloves)
SInv    .            (no boots)
Will    .....        (no amulet)
Stlth   +            g - +5 ring of evasion
HPRegen 0.24/turn    (no ring)
MPRegen 0.09/turn

%: no passive effects
@: slowed, very slow
A: sickness immunity, AC +3, negative energy resistance 1, electricity
resistance, torment resistance 1, petrification resistance
a: no special abilities


You were on level 2 of the Dungeon.
You visited 1 branch of the dungeon, and saw 2 of its levels.

You collected 62 gold pieces.


Innate Abilities, Weirdness & Mutations

You are immune to sickness and miasma.
Your stone body is resilient. (AC +3)
You are immune to poison.
You resist negative energy. (rN+)
You are resistant to electric shocks. (rElec)
You are resistant to unholy torment.
You are immune to petrification.


   Skills:
 - Level 2.0 Fighting
 + Level 4.1 Ranged Weapons
 - Level 1.5 Dodging
 - Level 1.0 Spellcasting
 - Level 2.6 Hexes


You had 4 spell levels left.
You knew the following spells:

 Your Spells              Type           Power      Damage    Failure   Level
a - Slow                  Hex            28%        N/A       12%         1

Your spell library contained the following spells:

 Spells                   Type           Power      Damage    Failure   Level
 Inner Flame              Hex/Fire       4%         N/A       52%         3
 Portal Projectile        Hex/Tloc       8%         N/A       52%         3
 Cause Fear               Hex            3%         N/A       75%         4

Inventory:

Hand Weapons
 Y - a +1 sling (weapon)
Armour
 h - a +0 leather armour (worn)
Jewellery
 g - a +5 ring of evasion (left hand)
Scrolls
 b - a scroll of identify {unknown}
Potions
 a - a potion of degeneration {unknown}
 d - a potion of heal wounds {unknown}
 i - a potion of haste

Dungeon Overview and Level Annotations

Branches:
Dungeon (2/15)

Altars:
Cheibriados

Shops:
D:1 !

Annotations:
D:2 Natasha


Message History

You shoot a sling bullet. The sling bullet hits the ball python!
You kill the ball python!
You start resting.
HP restored.
Found a stone staircase leading up.
Natasha, Servant of Life and Death comes into view.
There is an open door here.
You see here a ball python corpse.
Enter note:
Enter note: You shoot a sling bullet.
The sling bullet closely misses Natasha.
Natasha hisses angrily.
Natasha stares at you and mumbles some strange words.
You feel yourself slow down.
You shoot a sling bullet. The sling bullet hits Natasha!
Natasha is heavily wounded.
You shoot a sling bullet. The sling bullet barely misses Natasha.
You shoot a sling bullet.
The sling bullet closely misses Natasha.
Natasha casts a spell at you. The magic dart hits you.
You shoot a sling bullet.
The sling bullet hits Natasha but does no damage.
Natasha is heavily wounded.
Natasha casts a spell at you.
You feel as though you will be slow longer.
Natasha closely misses you.
You shoot a sling bullet. The sling bullet hits Natasha.
Natasha is severely wounded.
Natasha closely misses you.
Natasha stares at you and mumbles some strange words.
The magic dart hits you!
You shoot a sling bullet.
The sling bullet closely misses Natasha.
Natasha claws you. Natasha claws you!
You shoot a sling bullet. The sling bullet barely misses Natasha.
Natasha stares at you and mumbles some strange words.
The magic dart hits you.
You die...

###....#.### #.# #
..'......... .#.# #
###.....#############.#'#
# #...>.................
# ####.###.#.####.......
#.# #.#.# ....... ###
#.#.# <......
#.#.####.......
####.#....@h.....?
#....##.###....?..
#.......# ####...
#.......# . #..._..## #
##.....# # #.....# #
###.### ## #.# .#.


You could see Natasha.

Vanquished Creatures
  Natasha (D:2)
  A gnoll (D:1)
  An adder (D:2)
  A dart slug (D:1)
  3 endoplasms (D:1)
  A giant cockroach (D:1)
  3 goblins
  5 hobgoblins
  3 jackals (D:2)
  3 ball pythons
  5 bats
  A frilled lizard (D:1)
  A kobold (D:2)
  3 rats
32 creatures vanquished.

Notes
Turn   | Place    | Note
-------+----------+-------------------------------------------
     0 | D:1      | qw the Gargoyle Hexslinger began the quest for the Orb.
     0 | D:1      | Reached XP level 1. HP: 12/12 MP: 2/2
     0 | D:1      | 0 ||| qw: Version: 0.3-a-46-gb1f654a
     0 | D:1      | 0 ||| qw: Game counter: 2700
     0 | D:1      | 0 ||| qw: Melee chars always use a shield: true
     0 | D:1      | 0 ||| qw: God list: Okawaru
     0 | D:1      | 0 ||| qw: Allow faded altars: false
     0 | D:1      | 0 ||| qw: Do Orc after clearing Dungeon:15 true
     0 | D:1      | 0 ||| qw: Do second Lair branch before Depths: true
     0 | D:1      | 0 ||| qw: Lair rune preference: random
     0 | D:1      | 0 ||| qw: Goals: Normal
     0 | D:1      | 0 ||| PLANNING D:1-11
    74 | D:1      | Reached XP level 2. HP: 11/16 MP: 3/3
   179 | D:1      | Reached skill level 3 in Ranged Weapons
   359 | D:1      | Reached XP level 3. HP: 21/21 MP: 4/4
   402 | D:1      | Found Ysourchu's Distillery.
   408 | D:1      | 408 ||| SHOPLISTING potion of haste (120 gold, have 39).
   408 | D:1      | 408 ||| SHOPLISTING potion of heal wounds (60 gold, have
                  | 39).
   408 | D:1      | 408 ||| SHOPLISTING potion of mutation (96 gold, have 39).
   923 | D:1      | 923 ||| UPGRADING to +0 leather armour.
   933 | D:1      | 933 ||| DROPPING +0 robe.
   934 | D:1      | 934 ||| UPGRADING to +5 ring of evasion.
   935 | D:1      | 935 ||| READING scroll labelled BOLITS WYQAMM.
   936 | D:1      | 936 ||| READING scroll labelled FUMNIMM PASS.
   939 | D:1      | 939 ||| READING scroll labelled XODE ZIDGHINUNN.
   940 | D:1      | 940 ||| DRINKING 2 glowing brown potions.
   941 | D:1      | 941 ||| DROPPING scroll of poison.
  1111 | D:2      | Found a snail-covered altar of Cheibriados.
  1131 | D:2      | Noticed Natasha
  1137 | D:2      | Killed Natasha
  1138 | D:2      | Reached skill level 4 in Ranged Weapons
  1138 | D:2      | Reached XP level 4. HP: 19/26 MP: 5/5
  1167 | D:2      | Noticed Natasha
  1174 | D:2      | HP: 1/26 [Natasha (8)]
  1175 | D:2      | Killed from afar by Natasha

Levels and vault maps discovered:
D:1:      dpeg_arrival_tiny_b, layout_basic, serial_shops, shop,
          nicolae_concentric_dashed_squares_mild, nicolae_titane
D:2:      cheibrodos_helix_gallery, layout_basic, basic_altar, uniq_natasha

Skill      XL: |  1  2  3 |
---------------+----------+-----
Ranged Weapons | 3 4 |  4.1
Fighting       | 2 |  2.0
Dodging        | |  1.5
Spellcasting   | |  1.0
Hexes          | |  2.6

Action                     |  1- 3 |  4- 6 || total
---------------------------+-------+-------++-------
   Fire: Sling             |    91 |     9 ||   100
    Use: Scroll            |     3 |       ||     3
         Potion            |     1 |       ||     1
 Armour: Robe              |     8 |       ||     8
         Leather armour    |     8 |       ||     8
  Dodge: Dodged            |    25 |     2 ||    27

Table legend:
 A = Non-vault XP
 B = Vault XP
 C = Vault XP percentage of total XP
 D = Non-vault monster count
 E = Vault monster count
 F = Vault count percentage of total count
                 A         B        C        D         E       F
            +---------+---------+-------+---------+---------+-------
      Total |      75 |      36 |  32.4 |      31 |       1 |   3.1
            +---------+---------+-------+---------+---------+-------
        D:1 |      47 |       0 |   0.0 |      20 |       0 |   0.0
        D:2 |      28 |      36 |  56.2 |      11 |       1 |   8.3
            +---------+---------+-------+---------+---------+-------
